 Dungeon Crawl Stone Soup version 0.30-a0-377-g5cb311bc9f (webtiles) character file.

Game seed: 4946951308143679969

106 funkygono the Firebug (level 4, -1/31 HPs)
             Began as a Demonspawn Fire Elementalist on Nov 30, 2022.
             Slain by an orc
             ... wielding a +0 flail
              (6 damage)
             ... on level 3 of the Dungeon.
             The game lasted 00:03:35 (2173 turns).

funkygono the Firebug (DsFE)                        Turns: 2173, Time: 00:03:36

Health: -1/31      AC:  3    Str:  9    XL:     4   Next: 55%
Magic:  0/8        EV: 12    Int: 24    God:
Gold:   143        SH:  0    Dex: 13    Spells: 2/8 levels left

rFire   . . .      SeeInvis .    p - +3 whip
rCold   . . .      Faith    .    (no shield)
rNeg    . . .      Spirit   +    a - +0 robe
rPois   .          Reflect  .    (no helmet)
rElec   .          Harm     .    o - +0 cloak
rCorr   .          Rampage  .    (no gloves)
Will    .....                    (no boots)
Stlth   ++........               (no amulet)
HPRegen 0.25/turn                h - +6 ring of intelligence
MPRegen 0.22/turn                (no ring)

@: no status effects
A: magic shield, magic regeneration
a: no special abilities


You were on level 3 of the Dungeon.
You visited 1 branch of the dungeon, and saw 3 of its levels.

You collected 143 gold pieces.

Inventory:

Hand Weapons
 l - a +0 whip
 n - a +2 quarterstaff of chaos
 p - a +3 whip (weapon)
Armour
 a - a +0 robe (worn)
 o - a +0 cloak (worn)
Magical Staves
 i - a staff of cold
Jewellery
 h - a +6 ring of intelligence (left hand)
Scrolls
 c - 2 scrolls of identify {unknown}
 g - a scroll of blinking {unknown}
 j - a scroll of butterflies {unknown}
 k - a scroll of enchant armour {unknown}
Potions
 b - a potion of magic
 d - 2 potions of haste {unknown}
 e - a potion of mutation {unknown}
 f - a potion of attraction {unknown}
 m - a potion of lignification {unknown}
 q - a potion of cancellation {unknown}
 r - a potion of berserk rage {unknown}


   Skills:
 + Level 0.4 Fighting
 + Level 2.1 Dodging
 - Level 1.7 Stealth
 + Level 2.9 Spellcasting
 + Level 1.9 Conjurations
 + Level 3.8 Fire Magic


You had 2 spell levels left.
You knew the following spells:

 Your Spells              Type           Power      Damage    Failure   Level
a - Foxfire               Conj/Fire      68%        2x1d7     3%          1
b - Scorch                Fire           42%        2d7       3%          2
c - Kindle Blastsparks    Fire/Tloc/Air  18%        2d11      21%         3

Your spell library contained the following spells:

 Spells                   Type           Power      Damage    Failure   Level
 Cigotuvi's Dreadful Rot  Necr/Pois/Air  6%         N/A       17%         2
 Poisonous Vapours        Pois/Air       6%         N/A       17%         2
 Inner Flame              Hex/Fire       12%        N/A       16%         3
 Mephitic Cloud           Conj/Pois/Air  6%         N/A       26%         3
 Tukima's Dance           Hex            3%         N/A       32%         3
 Flame Wave               Conj/Fire      17%        2d7       32%         4
 Passage of Golubria      Tloc           3%         N/A       73%         4
 Yara's Violent Unravell  Hex/Tmut       1%         3d3       97%         5


Dungeon Overview and Level Annotations

Branches:
Dungeon (3/15)

Altars:
Cheibriados


Innate Abilities, Weirdness & Mutations

When hurt, damage is shared between your health and your magic reserves.
You regenerate magic rapidly.


Message History

Confirm with . or Enter, or press ? or * to list all spells.
You conjure some foxfire!
The orc priest shouts!
The foxfire hits the orc.
The orc is severely wounded.
The foxfire hits the orc priest.
The orc priest is moderately wounded.
The orc priest begins to cast a cantrip, but forgets the words!
The orc hits you with a +0 flail!
An orc comes into view.
It is wielding a +2 hand axe of freezing.
Casting: Foxfire (safe; 3% risk of failure)
Confirm with . or Enter, or press ? or * to list all spells.
You conjure some foxfire!
The foxfire hits the orc priest.
The orc priest is moderately wounded.
The orc hits you with a +0 flail!
Casting: Foxfire (safe; 3% risk of failure)
Confirm with . or Enter, or press ? or * to list all spells.
Flames lash the orc priest.
The orc priest is severely wounded.
The orc priest's fire resistance burns away.
The foxfire hits the orc.
The orc is heavily wounded.
The orc hits you with a +0 flail.
* * * LOW HITPOINT WARNING * * *
Casting: Scorch (safe; 3% risk of failure)
Confirm with . or Enter, or press ? or * to list all spells.
You don't have enough magic to cast this spell.
Casting: Scorch (safe; 3% risk of failure)
Confirm with . or Enter, or press ? or * to list all spells.
Okay, then.
You closely miss the orc priest.
The orc priest is severely wounded.
The orc priest calls upon Beogh to heal the orc.
The orc is healed somewhat.
The orc hits you with a +2 hand axe of freezing.
* * * LOW HITPOINT WARNING * * *
The orc freezes you.
* * * LOW HITPOINT WARNING * * *
The orc hits you with a +0 flail.
You die...

........# #.#
.##.....# #.##.#
.######.# #.##)#
#######'#####.##.#
....#.......#.##)#
....#.......#.##.#
....#.......#.##.#
............#.##o#
..>............o@#
............#.#o.#
............#.#..#
....#.........#..#
'#+...#########..#
...._.... ...#
......### ##.#
....#... #.#
......#.# .#


You could see an orc priest (combustible) and 2 orcs.

Vanquished Creatures
  Crazy Yiuf (D:2)
  Natasha (D:2)
  A worm (D:2)
  A dart slug (D:1)
  7 orcs (D:3)
  4 endoplasms (D:1)
  2 giant cockroaches
  5 goblins
  5 hobgoblins
  A quokka (D:3)
  2 ball pythons
  7 bats
  A frilled lizard (D:3)
  2 rats (D:2)
40 creatures vanquished.

Vanquished Creatures (others)
  114 foxfires
114 creatures vanquished.

Grand Total: 154 creatures vanquished

Notes
Turn   | Place    | Note
-------+----------+-------------------------------------------
     0 | D:1      | funkygono the Demonspawn Fire Elementalist began the quest
                  | for the Orb.
     0 | D:1      | Reached XP level 1. HP: 13/13 MP: 3/3
   285 | D:1      | Reached skill level 3 in Fire Magic
   556 | D:1      | Gained mutation: You regenerate magic rapidly. [demonic
                  | ancestry]
   556 | D:1      | Reached XP level 2. HP: 16/19 MP: 1/5
   775 | D:1      | Found a faded altar of an unknown god.
   891 | D:1      | Learned a level 2 spell: Scorch
  1637 | D:2      | Reached XP level 3. HP: 24/24 MP: 0/6
  1641 | D:2      | Learned a level 3 spell: Kindle Blastsparks
  1671 | D:2      | Noticed Natasha
  1675 | D:2      | Killed Natasha
  1843 | D:2      | Found a runed translucent door.
  1844 | D:2      | Noticed Crazy Yiuf
  1849 | D:2      | Killed Crazy Yiuf
  1850 | D:2      | Gained mutation: When hurt, damage is shared between your
                  | health and your magic reserves. [demonic ancestry]
  1850 | D:2      | Reached XP level 4. HP: 30/30 MP: 2/8
  2049 | D:3      | Found a snail-covered altar of Cheibriados.
  2173 | D:3      | Slain by an orc

Illustrated notes

Levels and vault maps discovered:
D:1:      giann_horns, layout_basic, shapermc_ecumenical_altar_starsandcircs,
          minmay_misc_feat_more_columns
D:2:      layout_loops_cross, uniq_crazy_yiuf_cottage, uniq_natasha
D:3:      layout_basic, mainiacjoe_overflow_tiny_flanked

Skill      XL: |  1 |
---------------+----+-----
Fire Magic     | 3 |  3.8
Dodging        | 2 |  2.1
Fighting       | |  0.4
Stealth        | |  1.7
Spellcasting   | |  2.9
Conjurations   | |  1.9

Action                   |  1- 3 |  4- 6 || total
-------------------------+-------+-------++-------
Melee: Whip              |       |     1 ||     1
 Cast: Foxfire           |    44 |    24 ||    68
       Scorch            |     4 |     1 ||     5
Armor: Robe              |     9 |     2 ||    11
Dodge: Dodged            |    17 |     3 ||    20

Table legend: (Time is in decaauts)
 A = Elapsed time spent in this place.
 B = Non-inter-level travel time spent in this place.
 C = Inter-level travel time spent in this place.
 D = Time resting spent in this place.
 E = Time spent auto-exploring this place.
 F = Levels seen in this place.
 G = Mean time per level.
                   A        B        C        D        E       F      G
               +--------+--------+--------+--------+--------+-----+--------+
         Total |   2171 |   1997 |    174 |      0 |   1694 |   3 |  723.7 |
       Dungeon |   2171 |   1997 |    174 |      0 |   1694 |   3 |  723.7 |
               +--------+--------+--------+--------+--------+-----+--------+

Top non-repeatable levels by time:
     D:1: 1141 daAuts
     D:2: 796 daAuts
     D:3: 233 daAuts
